 Dungeon Crawl Stone Soup version 0.14-a0-218-g24e112a (webtiles) character file.

160 Malachi the Skirmisher (level 3, 0/28 HPs)
             Began as a Demonspawn Abyssal Knight on Oct 8, 2013.
             Was a Believer of Lugonu.
             Slain by Crazy Yiuf
             ... wielding a +4,+2 quarterstaff of chaos
              (7 damage)
             ... on Level 2 of the Dungeon.
             The game lasted 00:02:40 (1137 turns).

Malachi the Skirmisher (Demonspawn Abyssal Knight)  Turns: 1137, Time: 00:02:41

HP   0/28        AC  8     Str 12      XL: 3   Next: 51%
MP   4/4         EV 11     Int 14      God: Lugonu [**....]
Gold 111         SH  0     Dex 12      Spells:  0 memorised,  2 levels left

Res.Fire  : . . .   See Invis. : .   a - +2 spear
Res.Cold  : . . .   Warding    : .   b - +0 leather armour
Life Prot.: . . .   Conserve   : .   (no shield)
Res.Poison: .       Res.Corr.  : .   (no helmet)
Res.Elec. : .       Clarity    : .   (no cloak)
Sust.Abil.: . .     Spirit.Shd : .   e - +0 pair of gauntlets
Res.Mut.  : .       Stasis     : .   (no boots)
Res.Rott. : .       Flight     : .   (no amulet)
Saprovore : . . .                    (no ring)
                                     (no ring)

@: not resistant to hostile enchantments, very unstealthy
A: claws 1, AC +4
a: Depart the Abyss, Bend Space, Renounce Religion


You were on level 2 of the Dungeon.
You worshipped Lugonu.
Lugonu was pleased with you.
You were hungry.

You visited 1 branch of the dungeon, and saw 2 of its levels.
You visited the Abyss 1 time.

You collected 91 gold pieces.

Inventory:

Hand weapons
 a - a +2,+2 spear (weapon)
Missiles
 d - 12 stones (quivered)
Armour
 b - a +0 leather armour (worn)
 e - a +0 pair of gauntlets (worn)
Comestibles
 c - 2 bread rations
 m - 3 meat rations
Scrolls
 h - 2 scrolls of teleportation {unknown}
 i - 2 scrolls of remove curse {unknown}
 l - 3 scrolls of identify {unknown}
 p - a scroll of blinking {unknown}
 r - a scroll of random uselessness {unknown}
 s - a scroll of recharging {unknown}
Jewellery
 g - an uncursed ring of protection from fire {unknown}
 o - an uncursed amulet of resist mutation {unknown}
 t - an uncursed ring of poison resistance {unknown}
Potions
 j - a potion of mutation {unknown}
 k - a potion of confusion {unknown}
 n - a potion of restore abilities {unknown}
 q - a potion of curing {unknown}
 u - a potion of agility {unknown}
 v - a potion of heal wounds {unknown}
 w - a potion of flight {unknown}


   Skills:
 + Level 3.8 Fighting
 + Level 2.1 Polearms
 + Level 1.8 Armour
 + Level 1.5 Dodging
 + Level 0.2 Stealth
 + Level 2.7 Invocations


You had 2 spell levels left.
You didn't know any spells.

Dungeon Overview and Level Annotations

Branches:
Dungeon (2/27)

Altars:
Kikubaaqudgha
Zin

Annotations:
D:2 Crazy Yiuf


Innate Abilities, Weirdness & Mutations

You have sharp fingernails.
You are partially covered in iridescent scales (AC +4).


Message History

Ouch! That really hurt!
* * * LOW HITPOINT WARNING * * *
You are too injured to fight recklessly!
Crazy Yiuf says, "Crazy?
Crazy!?
PORCUPINE!"
Crazy Yiuf says, "Peeping!"
Crazy Yiuf grits, "Adder spinner forty-two!"
Read which item? (? for menu, Esc to quit)
As you read the scroll labeled GIEXAR LUISCH, it crumbles to dust.
Use on which item? (\ to view known items) (? for menu, Esc to quit)
Really abort (and waste the scroll)? [Y]es or [N]o only, please.
Really abort (and waste the scroll)? [Y]es or [N]o only, please.
Really abort (and waste the scroll)? [Y]es or [N]o only, please.
Really abort (and waste the scroll)?
Use on which item? (\ to view known items) (? for menu, Esc to quit)
Nothing appears to happen.
Crazy Yiuf closely misses you.
Crazy Yiuf hits you with a quarterstaff of chaos!
You die...

#♣♣♣.♣...+...#
#......#
#♣..♣......#.#
##...#.#
...♣♣♣♣.......#
##.##.#
.#♣♣♣♣♣♣♣.+.#.#
#....#
♣♣♣♣####.#
#....# ♣♣ #.###
#....#
#...####....#
#...#......##
#..g@......#
##<........#
#.......###
#......##
####...# #...#
#####


You could see Crazy Yiuf.

Vanquished Creatures
  An adder (D:2)
  A worm (D:2)
  A giant cockroach (D:1)
  3 hobgoblins (D:1)
  4 jackals (D:1)
  A ball python (D:2)
  8 bats (D:1)
  A giant gecko (D:1)
  2 giant newts (D:2)
  7 goblins
  3 kobolds (D:1)
  6 rats
38 creatures vanquished.

Notes
Turn   | Place    | Note
--------------------------------------------------------------
     0 | Abyss:1  | Malachi, the Demonspawn Abyssal Knight, began the quest for the Orb.
     0 | Abyss:1  | Reached XP level 1. HP: 16/16 MP: 1/1
    21 | D:1      | Escaped the Abyss
   236 | D:1      | Gained mutation: You are partially covered in iridescent scales (AC +4). [demonic ancestry]
   236 | D:1      | Reached XP level 2. HP: 19/22 MP: 2/2
   290 | D:1      | Acquired Lugonu's second power
   373 | D:1      | Reached skill level 1 in Dodging
   700 | D:1      | Gained mutation: You have sharp fingernails. [demonic ancestry]
   700 | D:1      | Reached XP level 3. HP: 28/28 MP: 4/4
   901 | D:2      | Noticed an angel
   902 | D:2      | Found a glowing silver altar of Zin.
   917 | D:2      | Found an ancient bone altar of Kikubaaqudgha.
  1116 | D:2      | Noticed Crazy Yiuf
  1137 | D:2      | Slain by Crazy Yiuf

Action                   || total
-------------------------++-------
Melee: Spear             ||   103
  Use: Scroll            ||     1
